 Dungeon Crawl Stone Soup version 0.30-a0-373-gd37427bb62 (console) character file.

Game seed: 12426505353597571706

2 petzl the Sneak (level 1, -3/18 HPs)
             Began as a Formicid Delver on Nov 23, 2022.
             Slain by a bullfrog (7 damage)
             ... on level 7 of the Dungeon.
             The game lasted 00:01:35 (162 turns).

petzl the Sneak (Formicid Delver)                    Turns: 162, Time: 00:01:36

Health: -3/18      AC:  3    Str: 16    XL:     1   Next: 33%
Magic:  1/1        EV: 12    Int:  9    God:
Gold:   14         SH:  0    Dex: 15    Spells: 0/0 levels left

rFire   . . .      SeeInvis +    a - +0 mace
rCold   . . .      Faith    .    (no shield)
rNeg    . . .      Spirit   .    b - +0 leather armour
rPois   .          Reflect  .    (helmet unavailable)
rElec   .          Harm     .    (no cloak)
rCorr   .          Rampage  .    (no gloves)
Will    .....                    (no boots)
Stlth   +++.......               (no amulet)
HPRegen 0.23/turn                (no ring)
MPRegen 0.07/turn                (no ring)

@: no status effects
A: permanent stasis, dig shafts and tunnels, antennae 3, four strong arms
a: Dig, Shaft Self


You were on level 7 of the Dungeon.
You visited 1 branch of the dungeon, and saw 4 of its levels.

You collected 14 gold pieces.

Inventory:

Hand Weapons
 a - a +0 mace (weapon)
Armour
 b - a +0 leather armour (worn)
Wands
 f - a wand of digging (3)
Scrolls
 c - a scroll of fog
 d - a scroll of magic mapping
 e - a scroll of fear
 g - a scroll of amnesia {unknown}


   Skills:
 + Level 3.3 Fighting
 - Level 2.0 Maces & Flails
 + Level 0.2 Armour
 + Level 1.8 Dodging
 + Level 6.0 Stealth
 * Level 0.1 Spellcasting


You couldn't memorise any spells.
You didn't know any spells.
Your spell library was empty.

Dungeon Overview and Level Annotations

Branches:
Dungeon (8/15)
 Temple: D:4-7         Lair: D:8-11

Altars:

Annotations:
D:5 exclusion: downstairs
D:7 exclusion: downstairs


Innate Abilities, Weirdness & Mutations

You cannot be hasted, slowed, berserked, paralysed or teleported.
You can dig through walls and to a lower floor.
You have a pair of large antennae on your head. (SInv)
Your four strong arms can wield two-handed weapons with a shield.


Message History

You begin to dig a shaft.
You continue digging a shaft.
The orc misses you. A shaft appears beneath you!
You fall into a shaft and drop 2 floors!
The shaft crumbles and collapses.
You hear the roar of battle.
There is an entrance to a bailey on this level.
Hurry and find it before the portal closes forever!
Found a scroll labelled HIUTEM ELEFAE.
You start resting.
You hear the faint creaking of a very distant portcullis.
You start resting.
HP restored.
Found a leather armour.
Found a stone staircase leading down.
g - a scroll labelled HIUTEM ELEFAE A bullfrog comes into view.
Found 5 poisoned darts.
Found 13 gold pieces.
You see here a +0 leather armour.
There is a stone staircase leading down here.
You climb downwards.
You hear the hiss of flowing sand.
There is an entrance to an ossuary on this level.
Hurry and find it before the portal is buried!
Found a stone staircase leading down.
There is a stone staircase leading up here.
The kobold shouts!
You climb upwards.
You hear the roar of battle.
There is an entrance to a bailey on this level.
Hurry and find it before the portal closes forever!
There is a stone staircase leading down here.
Press: ? - help, v - describe, . - travel The floor.
Unknown command.
The bullfrog croaks.
A bullfrog comes into view.
You completely miss the bullfrog. The bullfrog hits you! The bullfrog hits you.
* * * LOW HITPOINT WARNING * * *
Are you sure you want to shaft yourself?
The bullfrog barely misses you. The bullfrog hits you!
You die...

#############
#....@......#
#...F######.#
#...........#
#.......##...F..
#...$....# #####
#....>...#...
#######[......#
#.........##....
#.........# ....
#.........#. ...
#...............
#.............
#........#.....
#........#.....
#........#.#(#.
#..........#.#
######..F..#
.....# .....#


You could see a bullfrog.

Vanquished Creatures
  An orc (D:5)
1 creature vanquished.

Notes
Turn   | Place    | Note
-------+----------+-------------------------------------------
     0 | D:5      | petzl the Formicid Delver began the quest for the Orb.
     0 | D:5      | Reached XP level 1. HP: 18/18 MP: 1/1
    22 | D:6      | Noticed an orc priest
    73 | D:5      | You fall into a shaft and drop 2 floors!
   143 | D:7      | Noticed a bullfrog
   150 | D:8      | Noticed a bullfrog
   150 | D:8      | Noticed a kobold brigand
   155 | D:7      | Noticed a bullfrog
   162 | D:7      | Slain by a bullfrog

Illustrated notes

Levels and vault maps discovered:
D:5:      layout_basic, mainiacjoe_overflow_divided_tiny, grunt_ministairs_3,
          dreamdust_princess_corridor
D:6:      layout_loops_cross, minmay_temple_entry_drinking_statues
D:7:      lemuel_insect_pit, layout_basic, enter_bailey_3
D:8:      layout_basic, old_standard_altar, gup_ossuary_entry_pyramid

Action                   || total
-------------------------++-------
Melee: Mace              ||    16
 Abil: Shaft Self        ||     2
Armor: Leather armour    ||     2
Dodge: Dodged            ||    14

Table legend: (Time is in decaauts)
 A = Elapsed time spent in this place.
 B = Non-inter-level travel time spent in this place.
 C = Inter-level travel time spent in this place.
 D = Time resting spent in this place.
 E = Time spent auto-exploring this place.
 F = Levels seen in this place.
 G = Mean time per level.
                   A        B        C        D        E       F      G
               +--------+--------+--------+--------+--------+-----+--------+
         Total |    167 |    167 |      0 |     65 |     21 |   4 |   41.8 |
       Dungeon |    167 |    167 |      0 |     65 |     21 |   4 |   41.8 |
               +--------+--------+--------+--------+--------+-----+--------+

Top non-repeatable levels by time:
     D:7: 87 daAuts
     D:5: 76 daAuts
     D:8: 1 daAuts
     D:6: 1 daAuts
